 Dungeon Crawl Stone Soup version 0.31-a0-1237-gabc64e778c (webtiles) character file.

Game seed: 5360087107190838230

80 jasper the Magician (level 4, 0/30 HPs)
             Began as a Demonspawn Hedge Wizard on Dec 13, 2023.
             Slain by an iguana (11 damage)
             ... on level 3 of the Dungeon on Dec 15, 2023.
             The game lasted 00:04:12 (2334 turns).

jasper the Magician (Demonspawn Hedge Wizard)       Turns: 2334, Time: 00:04:12

Health: 0/30       AC:  8    Str: 10    XL:     4   Next: 18%
Magic:  8/9        EV: 12    Int: 16    God:
Gold:   81         SH:  4    Dex: 19    Spells: 3/10 levels left

rFire   . . .        l - +0 sling (elec)
rCold   . . .        (no shield)
rNeg    . . .        b - +0 robe
rPois   .            c - +0 hat
rElec   .            (no cloak)
rCorr   .            (no gloves)
SInv    .            (no boots)
Will    .....        (no amulet)
Stlth   ++           h - +6 ring of dexterity
HPRegen 0.25/turn    (no ring)
MPRegen 0.11/turn

%: no passive effects
@: sanguine armoured
A: sanguine armour 1, condensation shield
a: no special abilities


You were on level 3 of the Dungeon.
You visited 1 branch of the dungeon, and saw 3 of its levels.

You collected 81 gold pieces.

Inventory:

Hand Weapons
 a - a +0 dagger
 l - a +0 sling of electrocution (weapon)
Missiles
 i - 49 stones
Armour
 b - a +0 robe (worn)
 c - a +0 hat (worn)
Jewellery
 h - a +6 ring of dexterity (left hand)
Scrolls
 f - a scroll of revelation
 k - a scroll of identify
Potions
 d - a potion of magic
 e - a potion of curing


   Skills:
 - Level 1.7 Dodging
 - Level 1.7 Stealth
 + Level 3.9 Spellcasting
 - Level 1.0 Conjurations
 + Level 1.5 Summonings
 + Level 1.1 Necromancy
 + Level 1.4 Translocations
 + Level 0.7 Air Magic
 + Level 0.8 Poison Magic


You had 3 spell levels left.
You knew the following spells:

 Your Spells              Type           Power      Damage    Failure   Level
a - Magic Dart            Conj           24%        1d4       11%         1
b - Call Imp              Summ           14%        N/A       14%         2
c - Blink                 Tloc           14%        N/A       14%         2
d - Cigotuvi's Dreadful   Necr/Pois/Air  12%        N/A       19%         2

Your spell library contained the following spells:

 Spells                   Type           Power      Damage    Failure   Level
 Slow                     Hex            12%        N/A       17%         1
 Mephitic Cloud           Conj/Pois/Air  5%         N/A       34%         3
 Passage of Golubria      Tloc           7%         N/A       67%         4
 Silence                  Hex/Air        2%         N/A       99%         5
 Lehudib's Crystal Spear  Conj/Erth      2%         10d2      100%        8


Dungeon Overview and Level Annotations

Branches:
Dungeon (3/15)

Altars:


Innate Abilities, Weirdness & Mutations

When seriously injured, your blood forms armour. (AC +6)
A meltable shield of frost defends you. (SH +4)


Message History

Confirm with . or Enter, or press ? or * to list all spells.
A tiny devil pulls itself out of the air.
The adder hisses angrily.
You now have 7/9 mp.
Your cerulean imp barely misses the iguana.
Your cerulean imp barely misses the iguana.
Fire: l) +0 sling (elec)
Press: ? - help, Q - select action, (/) - cycle Shift-Dir - straight line, f/p - iguana
Aim: an iguana (moderately wounded, ally target, 61% to hit)
You shoot a sling bullet.
The sling bullet hits the iguana but does no damage.
The iguana is moderately wounded.
Your cerulean imp completely misses the adder.
Fire: l) +0 sling (elec)
Press: ? - help, Q - select action, (/) - cycle Shift-Dir - straight line, f/p - iguana
Aim: an iguana (moderately wounded, ally target, 61% to hit)
You shoot a sling bullet.
The sling bullet closely misses the iguana.
The iguana bites you! The iguana closely misses you.
Your cerulean imp completely misses the iguana.
You take 9 damage, and have 21/30 hp.
MASSIVE DAMAGE!!
Fire: l) +0 sling (elec)
Press: ? - help, Q - select action, (/) - cycle Shift-Dir - straight line, f/p - iguana
Aim: an iguana (moderately wounded, ally target, 61% to hit)
You shoot a sling bullet.
The sling bullet closely misses the iguana.
The iguana bites you.
Your blood congeals into armour.
Your cerulean imp closely misses the iguana.
You take 6 damage, and have 15/30 hp.
The iguana attacks as it pursues you! The iguana bites you.
You take 5 damage, and have 10/30 hp.
Your cerulean imp barely misses the iguana.
There is a stone staircase leading down here.
The adder bites you but does no damage.
Your cerulean imp barely misses the iguana.
The iguana barely misses you. The adder bites you but does no damage.
Your cerulean imp hits the iguana from afar with a -4 spear.
The iguana attacks as it pursues you! The iguana bites you!
You die...

### ..# ..# ..# #####
##### ..###
###...##....# .<..#
#>..5.J.....#
###.#######.
#lS...##....#..
............
#@.......$....(
.##.........
#.#...##....##.
.########### #†#...#
....# .# #.#...# $...#
.# ######.#...# ....#
.# #......#...# #####
.# #......#...#
.##########.....†#...#
.[...............#####


You could see an iguana (ally target), an adder, an endoplasm and a friendly
cerulean imp (summoned).

Vanquished Creatures
  An adder (D:2)
  3 endoplasms
  3 giant cockroaches
  5 hobgoblins
  11 kobolds
  2 quokkas
  4 ball pythons
  3 bats (D:2)
  6 frilled lizards
  6 goblins
  6 rats
50 creatures vanquished.

Vanquished Creatures (collateral kills)
  2 adders (D:3)
2 creatures vanquished.

Grand Total: 52 creatures vanquished

Notes
Turn   | Place    | Note
-------+----------+-------------------------------------------
     0 | D:1      | jasper the Demonspawn Hedge Wizard began the quest for the
                  | Orb.
     0 | D:1      | Reached XP level 1. HP: 13/13 MP: 4/4
   318 | D:1      | Gained mutation: A meltable shield of frost defends you.
                  | (SH +4) [demonic ancestry]
   318 | D:1      | Reached XP level 2. HP: 19/19 MP: 1/6
   417 | D:1      | Found a faded altar of an unknown god.
   650 | D:1      | Learned a level 2 spell: Call Imp
   653 | D:1      | Learned a level 2 spell: Blink
   656 | D:1      | Learned a level 2 spell: Cigotuvi's Dreadful Rot
   933 | D:2      | Reached skill level 1 in Translocations
  1122 | D:2      | Gained mutation: When seriously injured, your blood forms
                  | armour. (AC +6) [demonic ancestry]
  1122 | D:2      | Reached XP level 3. HP: 24/24 MP: 8/8
  1158 | D:2      | Upgraded the game from 0.31-a0-1206-g41278d8d1d to
                  | 0.31-a0-1237-gabc64e778c
  1796 | D:2      | Reached skill level 1 in Necromancy
  2239 | D:3      | Reached XP level 4. HP: 17/30 MP: 3/9
  2334 | D:3      | Slain by an iguana

Illustrated notes

Levels and vault maps discovered:
D:1:      evilmike_arrival_plus, layout_rooms, serial_aquarium,
          aquarium_bridge_long_joined [aquarium_subvault_wall,
          aquarium_subvault_wall, aquarium_subvault_bridge,
          aquarium_subvault_window, aquarium_subvault_balcony,
          aquarium_subvault_wall], aquarium_window_fake, aquarium_window_2,
          aquarium_window_corner, aquarium_window_fake, aquarium_view_2a,
          aquarium_balcony_1b, aquarium_pool_1, ebering_ecumenical_altar_hall
D:2:      layout_loops_corners, grunt_ministairs_1, lexackson_kobold_supper
D:3:      layout_basic, uniq_grinder

Skill      XL: |  1  2  3 |
---------------+----------+-----
Translocations | 1 |  1.4
Necromancy     | 1 |  1.1
Dodging        | |  1.7
Stealth        | |  1.7
Spellcasting   | |  3.9
Conjurations   | |  1.0
Summonings     | |  1.5
Air Magic      | |  0.7
Poison Magic   | |  0.8

Action                     |  1- 3 |  4- 6 || total
---------------------------+-------+-------++-------
  Melee: Dagger            |     5 |       ||     5
   Fire: Sling             |    87 |    11 ||    98
   Cast: Magic Dart        |    31 |       ||    31
         Call Imp          |     2 |     2 ||     4
    Use: Scroll            |     4 |       ||     4
 Armour: Robe              |    25 |     9 ||    34
  Dodge: Dodged            |    33 |     6 ||    39
  Block: Other             |    11 |     2 ||    13

Table legend: (Time is in decaauts)
 A = Elapsed time spent in this place.
 B = Non-inter-level travel time spent in this place.
 C = Inter-level travel time spent in this place.
 D = Time resting spent in this place.
 E = Time spent auto-exploring this place.
 F = Levels seen in this place.
 G = Mean time per level.
                   A        B        C        D        E       F      G
               +--------+--------+--------+--------+--------+-----+--------+
         Total |   2371 |   2306 |     65 |    193 |   1785 |   3 |  790.3 |
       Dungeon |   2371 |   2306 |     65 |    193 |   1785 |   3 |  790.3 |
               +--------+--------+--------+--------+--------+-----+--------+

Top non-repeatable levels by time:
     D:2: 1292 daAuts
     D:1: 925 daAuts
     D:3: 154 daAuts
